 Seeded DCSS version 0.28.0-43-g3370ac3207 (webtiles) character file.

Game seed: 69420690 (custom seed)

2 floopthepig the Charlatan (level 1, -1/15 HPs)
             Began as a Formicid Artificer on Mar 3, 2022.
             Slain by a jackal (3 damage)
             ... on level 1 of the Dungeon.
             The game lasted 00:00:45 (105 turns).

floopthepig the Charlatan (Formicid Artificer)       Turns: 105, Time: 00:00:45

Health: -1/15      AC:  3    Str: 16    XL:     1   Next: 44%
Magic:  1/1        EV: 11    Int: 10    God:
Gold:   0          SH:  0    Dex: 11    Spells: 0/0 levels left

rFire   . . .      SeeInvis +   a - +0 club
rCold   . . .      Faith    .   (no shield)
rNeg    . . .      Spirit   .   b - +0 leather armour
rPois   .          Reflect  .   (helmet unavailable)
rElec   .          Harm     .   (no cloak)
rCorr   .          Rampage  .   (no gloves)
Will    .....                   (no boots)
Stlth   +.........              (no amulet)
HPRegen 0.05/turn               (no ring)
MPRegen 0.07/turn               (no ring)

@: no status effects
A: permanent stasis, dig shafts and tunnels, antennae 3, four strong arms
a: Dig, Shaft Self


You were on level 1 of the Dungeon.
You visited 1 branch of the dungeon, and saw 1 of its levels.

Inventory:

Hand Weapons
 a - a +0 club (weapon)
Armour
 b - a +0 leather armour (worn)
Wands
 c - a wand of flame (15) (quivered)
 d - a wand of charming (15)
Miscellaneous
 e - a piece from Xom's chessboard (15/15)


   Skills:
 + Level 1.1 Fighting
 + Level 2.1 Armour
 + Level 0.8 Dodging
 + Level 1.2 Stealth
 + Level 3.5 Evocations


You couldn't memorise any spells.
You didn't know any spells.
Your spell library was empty.

Dungeon Overview and Level Annotations

Branches:
Dungeon (1/15)

Altars:


Innate Abilities, Weirdness & Mutations

You cannot be hasted, slowed, berserked, paralysed or teleported.
You can dig through walls and to a lower floor.
You have a pair of large antennae on your head. (SInv)
Your four strong arms can wield two-handed weapons with a shield.


Message History

You see here 11 gold pieces.
The jackal bites you. The jackal barely misses you.
The jackal bites you but does no damage.
You closely miss the jackal. The jackal bites you.
The endoplasm jiggles.
You hit the jackal.
The jackal is almost dead.
The jackal bites you but does no damage. x2
The jackal misses you.
You hit the jackal.
You kill the jackal!
The jackal bites you.
The jackal bites you but does no damage.
You hit the jackal.
The jackal is moderately wounded.
The jackal closely misses you. x2
The jackal bites you but does no damage.
You barely miss the jackal.
The jackal is moderately wounded.
The jackal bites you but does no damage. x2
The jackal bites you.
You closely miss the jackal.
The jackal is moderately wounded.
The jackal bites you but does no damage.
The endoplasm jiggles.
The jackal bites you. The jackal closely misses you. The jackal bites you.
You closely miss the jackal.
The jackal is moderately wounded.
The jackal bites you but does no damage.
The jackal closely misses you. x3
You hit the jackal but do no damage.
The jackal is moderately wounded.
The jackal misses you. The jackal bites you. The jackal closely misses you.
You hit the jackal.
You kill the jackal!
The jackal closely misses you. x2; The endoplasm hits you.
* * * LOW HITPOINT WARNING * * *
The jackal bites you.
You die...

#.#..# .#..# { ...# #..#
#..## ####################
#...#
................@hJ###...##
##################......$.#
. #####.#..# #### #.#..#
.... #.#..# #### #.#J.# {
#.#..# ..#..# ##.#.#


You could see an endoplasm and a jackal.

Vanquished Creatures
  2 jackals (D:1)
2 creatures vanquished.

Notes
Turn   | Place    | Note
-------+----------+-------------------------------------------
     0 | D:1      | floopthepig the Formicid Artificer began the quest for the
                  | Orb.
     0 | D:1      | Reached XP level 1. HP: 15/15 MP: 1/1
   105 | D:1      | Slain by a jackal

Illustrated notes

Levels and vault maps discovered:
D:1:      wheals_arrival_linesprint, layout_loops_ring, serial_aquarium,
          aquarium_bridge_square [aquarium_subvault_bridge,
          aquarium_subvault_bridge, aquarium_subvault_bridge,
          aquarium_subvault_window], aquarium_bridge_square
          [aquarium_subvault_window, aquarium_subvault_bridge,
          aquarium_subvault_wall, aquarium_subvault_window],
          aquarium_window_corner, aquarium_window_corner, aquarium_view_2b,
          aquarium_balcony_double_1, aquarium_pool_2, minivault_19

Action                   || total
-------------------------++-------
Melee: Club              ||     9
Armor: Leather armour    ||     9
Dodge: Dodged            ||    12
